 Dungeon Crawl Stone Soup version 0.30-a0-779-g7971cf19c3 (console) character file.

Game seed: 15988273840578048285

25 rlgrobin the Sneak (level 2, -2/18 HPs)
             Began as a Deep Elf Delver on Feb 18, 2023.
             Slain by a mummy (15 damage)
             ... in an ossuary.
             The game lasted 00:01:15 (164 turns).

rlgrobin the Sneak (Deep Elf Delver)                 Turns: 164, Time: 00:01:15

Health: -2/18      AC:  3    Str:  9    XL:     2   Next: 86%
Magic:  4/4        EV: 12    Int: 14    God:
Gold:   0          SH:  0    Dex: 16    Spells: 1/1 levels left

rFire   . . .      SeeInvis .    a - +0 short sword
rCold   . . .      Faith    .    (no shield)
rNeg    . . .      Spirit   .    b - +0 leather armour
rPois   .          Reflect  .    (no helmet)
rElec   .          Harm     .    (no cloak)
rCorr   .          Rampage  .    (no gloves)
Will    .....                    (no boots)
Stlth   +++                      (no amulet)
HPRegen 0.23/turn                (no ring)
MPRegen 0.09/turn                (no ring)

@: no status effects
A: no striking features
a: no special abilities


You were in an ossuary.
You visited 1 branch of the dungeon, and saw 1 of its levels.
You also visited: Ossuary.

Inventory:

Hand Weapons
 a - a +0 short sword (weapon)
Armour
 b - a +0 leather armour (worn)
Wands
 g - a wand of digging (3)
Scrolls
 c - a scroll of fog
 d - a scroll of magic mapping
 e - 2 scrolls of fear


   Skills:
 - Level 2.4 Fighting
 - Level 2.0 Short Blades
 - Level 2.4 Dodging
 + Level 7.1 Stealth


You had one spell level left.
You didn't know any spells.
Your spell library was empty.

Dungeon Overview and Level Annotations

Branches:
Dungeon (5/15)            Ossuary (1/1)
 Temple: D:4-7

Altars:


Message History

You hear the slow hiss of an avalanche of sand very nearby.
A quokka comes into view.
Found a scroll of fear.
The helpless quokka fails to defend itself.
You impale the quokka!!
You kill the quokka!
e - 2 scrolls of fear (gained 1)
A worm comes into view.
You open the door.
Found a sand-covered staircase.
There is an open door here.
There is a sand-covered staircase here.
The world spins around you as you enter the gateway.
You enter an ossuary!
Found a gate leading back out of this place.
There is an empty arch of ancient stone here.
You open the door.
A mummy opens the door.
A mummy comes into view.
There is an open door here.
You barely miss the mummy. The mummy hits you but does no damage.
You hit the mummy.
The mummy is lightly damaged.
You hit the mummy but do no damage.
The mummy is lightly damaged.
The mummy closely misses you.
You barely miss the mummy.
The mummy is lightly damaged.
You barely miss the mummy.
The mummy is lightly damaged.
The mummy hits you.
You hit the mummy.
The mummy is lightly damaged.
You barely miss the mummy.
The mummy is lightly damaged.
The mummy misses you.
You hit the mummy.
The mummy is moderately damaged.
The mummy hits you!
Ouch! That really hurt!
You die...

##### #∩..#
#.∩.# #...#
##+##+##'##.###
.......@M...'.#
#+#+#+#M#+#+###
#.# ###


You could see 2 mummies.

Vanquished Creatures
  An iguana (D:5)
  A quokka (D:5)
2 creatures vanquished.

Vanquished Creatures (others)
  A withered plant (Ossuary)
1 creature vanquished.

Grand Total: 3 creatures vanquished

Notes
Turn   | Place    | Note
-------+----------+-------------------------------------------
     0 | D:5      | rlgrobin the Deep Elf Delver began the quest for the Orb.
     0 | D:5      | Reached XP level 1. HP: 13/13 MP: 3/3
     2 | D:5      | Noticed an iguana
    74 | D:5      | Killed an iguana
    75 | D:5      | Reached skill level 7 in Stealth
    75 | D:5      | Reached XP level 2. HP: 5/18 MP: 4/4
   147 | D:5      | Found a sand-covered staircase.
   152 | Ossuary  | Entered an ossuary
   164 | Ossuary  | Slain by a mummy

Illustrated notes

Levels and vault maps discovered:
D:5:      wander_river, layout_cave_pods, nicolae_qazlal_style_of_elements,
          enter_ossuary_2, serial_shops, nicolae_shop_waterfront, uniq_edmund,
          uniq_sigmund, uniq_eustachio
Ossuary:  ossuary_zaba_flooded

Skill      XL: |  1 |
---------------+----+-----
Stealth        | 7 |  7.1
Fighting       | |  2.4
Short Blades   | |  2.0
Dodging        | |  2.4

Action                     || total
---------------------------++-------
  Melee: Short sword       ||    35
    Use: Potion            ||     1
   Stab: Sleeping          ||     1
 Armour: Leather armour    ||     1
  Dodge: Dodged            ||     9

Table legend: (Time is in decaauts)
 A = Elapsed time spent in this place.
 B = Non-inter-level travel time spent in this place.
 C = Inter-level travel time spent in this place.
 D = Time resting spent in this place.
 E = Time spent auto-exploring this place.
 F = Levels seen in this place.
 G = Mean time per level.
                   A        B        C        D        E       F      G
               +--------+--------+--------+--------+--------+-----+--------+
         Total |    140 |    140 |      0 |     36 |      0 |   2 |   70.0 |
       Dungeon |    129 |    129 |      0 |     36 |      0 |   1 |  129.0 |
       Ossuary |     11 |     11 |      0 |      0 |      0 |   1 |   11.0 |
               +--------+--------+--------+--------+--------+-----+--------+

Top non-repeatable levels by time:
     D:5: 129 daAuts
 Ossuary: 11 daAuts
